 Dungeon Crawl Stone Soup version 0.28-a0-604-g249bb1af34 (webtiles) character file.

Game seed: 2652056111119951917

306 KristoblXynda the Slasher (level 6, -13/55 HPs)
             Began as a Draconian Berserker on Oct 5, 2021.
             Was a Believer of Trog.
             Killed from afar by Dowan (22 damage)
             ... with a shard of ice
             ... on level 4 of the Dungeon.
             The game lasted 00:02:49 (2773 turns).

KristoblXynda the Slasher (Draconian Berserker)     Turns: 2773, Time: 00:02:50

Health: -13/55     AC:  6    Str: 20    XL:     6   Next: 16%
Magic:  6/6        EV: 13    Int:  8    God:    Trog [**....]
Gold:   163        SH:  0    Dex: 11    Spells: 5/5 levels left

rFire   . . .      SeeInvis .   j - +0 long sword
rCold   . . .      Faith    .   (no shield)
rNeg    . . .      Spirit   .   (armour unavailable)
rPois   .          Reflect  .   (helmet restricted)
rElec   .          Harm     .   (no cloak)
rCorr   .          Rampage  .   (no gloves)
Will    .....                   (no boots)
Stlth   +.........              (no amulet)
HPRegen 0.18/turn               (no ring)
MPRegen 0.10/turn               (no ring)

@: mighty, on berserk cooldown, slowed, very slow
A: AC +6, unfitting armour, cold-blooded
a: Renounce Religion, Berserk, Trog's Hand


You were on level 4 of the Dungeon.
You worshipped Trog.
Trog was pleased with you.
You visited 1 branch of the dungeon, and saw 4 of its levels.

You collected 163 gold pieces.

Inventory:

Hand Weapons
 j - a +0 long sword (weapon)
Jewellery
 h - a ring of wizardry
Wands
 k - a wand of iceblast (11)
Scrolls
 b - a scroll of silence {unknown}
 c - a scroll of noise {unknown}
 e - 3 scrolls of immolation {unknown}
 f - 2 scrolls of magic mapping {unknown}
 g - 2 scrolls of teleportation
 i - a scroll of acquirement {unknown}
 l - a scroll of amnesia {unknown}
Potions
 a - a potion of cancellation
 d - a potion of might


   Skills:
 + Level 4.9 Fighting
 * Level 5.1 Long Blades
 + Level 4.0 Dodging


You had 5 spell levels left.
You didn't know any spells.
Your spell library contained the following spells:

 Spells                   Type           Power      Damage    Failure   Level
 Conjure Flame            Conj/Fire      0%         6-21      78%         3
 Ignite Poison            Fire/Tmut/Pois 0%         N/A       78%         3
 Sticky Flame             Conj/Fire      0%         2d3       99%         4


Dungeon Overview and Level Annotations

Branches:
Dungeon (4/15)
 Temple: D:4-7

Altars:

Shops:
D:3 (

Annotations:
D:4 Dowan


Innate Abilities, Weirdness & Mutations

Your plain brown scales are hard. (AC +6)
You cannot fit into any form of body armour.
You are cold-blooded and may be slowed by cold attacks.


Message History

The puff of flame hits you.
You slash Duvessa!
Your tail-slap misses Duvessa.
Duvessa is almost dead.
Duvessa hits you with a +1 rapier of holy wrath!
Dowan hits you with a +0 dagger.
* * * LOW HITPOINT WARNING * * *
You barely miss Duvessa. You tail-slap Duvessa.
You kill Duvessa!
Trog accepts your kill.
Dowan's eyes darken. "You have made a black mistake."
Dowan seems to find hidden reserves of power!
Dowan casts a spell.
Dowan blinks!
Your Long Blades skill increases to level 5!
Your Dodging skill increases to level 4!
You have reached level 6!
Your experience leads to an increase in your attributes!
Increase (S)trength, (I)ntelligence, or (D)exterity?
You feel agile.
Your scales feel tougher.
Found a stone staircase leading up.
You feel a strong urge to attack something.
Dowan says, "How can I live without her?"
You are no longer berserk.
You are exhausted.
You feel yourself slow down. Dowan closely misses you.
You hit Dowan but do no damage.
Dowan is lightly wounded.
Dowan hits you with a +0 dagger.
* * * LOW HITPOINT WARNING * * *
Dowan barely misses you. Dowan closely misses you.
Unknown command.
You feel very mighty all of a sudden. Dowan hits you with a +0 dagger.
* * * LOW HITPOINT WARNING * * *
Dowan hits you but does no damage.
You closely miss Dowan. You tail-slap Dowan!
Dowan is heavily wounded.
Dowan points at you and mumbles some strange words.
The shard of ice hits you!!
You die...

.... .<..# ..... ......
...... ......#####
......e...# .......@..#
....$....)###
............##
.............# ######
.............## ##....#
..............# ##......
..............###.......
...............#...####.
..................## ##.


You could see Dowan (fast).

Vanquished Creatures
  Duvessa (D:4)
  A sky beast (D:3)
  Robin (D:3)
  2 adders
  A worm (D:2)
  A dart slug (D:1)
  An orc (D:3)
  6 ball pythons
  4 bats
  An endoplasm (D:1)
  2 giant cockroaches (D:1)
  15 goblins
  6 hobgoblins
  8 jackals
  2 quokkas (D:1)
  3 frilled lizards
  A kobold (D:1)
  5 rats
61 creatures vanquished.

Notes
Turn   | Place    | Note
-------+----------+-------------------------------------------
     0 | D:1      | KristoblXynda the Draconian Berserker began the quest for
                  | the Orb.
     0 | D:1      | Reached XP level 1. HP: 19/19 MP: 1/1
   138 | D:1      | Reached XP level 2. HP: 25/26 MP: 2/2
   468 | D:1      | Reached ** piety under Trog
   794 | D:1      | Reached XP level 3. HP: 28/33 MP: 3/3
  1082 | D:1      | Found a faded altar of an unknown god.
  1819 | D:3      | Found Ucrochul's Antique Weapon Shop.
  1857 | D:3      | Noticed Robin
  1867 | D:3      | Killed Robin
  1868 | D:3      | Reached XP level 4. HP: 29/40 MP: 4/4
  1880 | D:3      | HP: 2/60 [hobgoblin[Robin] (3)]
  2148 | D:3      | Noticed a sky beast
  2157 | D:3      | Killed a sky beast
  2158 | D:3      | Reached skill level 4 in Long Blades
  2158 | D:3      | Reached XP level 5. HP: 45/47 MP: 5/5
  2755 | D:4      | Noticed Duvessa
  2759 | D:4      | Noticed Dowan
  2767 | D:4      | Killed Duvessa
  2768 | D:4      | Reached skill level 5 in Long Blades
  2768 | D:4      | Reached XP level 6. HP: 23/55 MP: 6/6
  2773 | D:4      | Killed from afar by Dowan

Illustrated notes

Levels and vault maps discovered:
D:1:      dpeg_arrival_three_smaller_balls, layout_basic,
          dilly_ecumenical_altar_fadedgnrine, minmay_misc_feat_roman
D:2:      layout_loops_ring
D:3:      layout_loops_ring, serial_shops, shop, minmay_misc_feat_enclosed,
          uniq_robin
D:4:      layout_layer_cave, grunt_decor_fettered, uniq_duvessa

Skill      XL: |  1  2  3  4  5 |
---------------+----------------+-----
Dodging        | 3 4 |  4.0
Fighting       | 4 |  4.9
Long Blades    | 4 5 |  5.1

Action                   |  1- 3 |  4- 6 || total
-------------------------+-------+-------++-------
Melee: Falchion          |    91 |       ||    91
       Tailslap          |    12 |     7 ||    19
       Long sword        |    45 |    55 ||   100
Invok: Berserk           |     1 |     2 ||     3
  Use: Potion            |       |     2 ||     2
       Scroll            |       |     3 ||     3
Armor: Skin              |    55 |    15 ||    70
Dodge: Dodged            |   114 |    42 ||   156

Table legend: (Time is in decaauts)
 A = Elapsed time spent in this place.
 B = Non-inter-level travel time spent in this place.
 C = Inter-level travel time spent in this place.
 D = Time resting spent in this place.
 E = Time spent auto-exploring this place.
 F = Levels seen in this place.
 G = Mean time per level.
                   A        B        C        D        E       F      G
               +--------+--------+--------+--------+--------+-----+--------+
         Total |   2821 |   2744 |     77 |    148 |   2173 |   4 |  705.2 |
       Dungeon |   2821 |   2744 |     77 |    148 |   2173 |   4 |  705.2 |
               +--------+--------+--------+--------+--------+-----+--------+

Top non-repeatable levels by time:
     D:1: 1114 daAuts
     D:3: 882 daAuts
     D:2: 717 daAuts
     D:4: 107 daAuts
